 Dungeon Crawl Stone Soup version 0.18-a0-1273-g8ec5f8e (webtiles) character file.

7341 kae the Carver (level 10, -3/86 HPs)
             Began as a Minotaur Fighter on Feb 7, 2016.
             Was a Priest of Qazlal.
             Slain by a white ugly thing (27 damage)
             ... on level 9 of the Dungeon.
             The game lasted 00:14:41 (10913 turns).

kae the Carver (Minotaur Fighter)                  Turns: 10913, Time: 00:14:41

Health: -3/86      AC: 13    Str: 21    XL:     10   Next: 91%
Magic:  15/16      EV: 10    Int: 11    God:    Qazlal [***...]
Gold:   406        SH:  8    Dex: 10    Spells: 0 memorised, 9 levels left

rFire  + . .     SeeInvis .     m - +0 falchion
rCold  . . .     Gourm    .     I - +3 ring mail "Ontor" {+Inv rF+ MR- Int+4}
rNeg   . . .     Faith    +     h - +0 buckler {reflect}
rPois  .         Spirit   .     (helmet restricted)
rElec  .         Dismiss  .     K - +0 cloak
rCorr  +         Reflect  +     (no gloves)
SustAt .         Harm     .     (no boots)
MR     .....                    t - amulet of faith
Stlth  ..........               u - ring of protection from magic
                                J - ring of resist corrosion

@: not resistant to hostile enchantments, extremely unstealthy
A: retaliatory headbutt, horns 2, rough black scales 1
a: Upheaval, Elemental Force, Renounce Religion, Evoke Invisibility


You were on level 9 of the Dungeon.
You worshipped Qazlal.
Qazlal was most pleased with you.
You were very hungry.

You visited 2 branches of the dungeon, and saw 10 of its levels.
You also visited: Bailey.

You collected 406 gold pieces.

Inventory:

Hand Weapons
 a - a +1 long sword
 m - a +0 falchion (weapon)
Armour
 b - a +0 scale mail
 c - a +0 shield
 h - a +0 buckler of reflection (worn)
 I - the +3 ring mail "Ontor" (worn) {+Inv rF+ MR- Int+4}
   (You found it on level 8 of the Dungeon)

   It affects your intelligence (+4).
   It protects you from fire.
   It affects your resistance to hostile enchantments.
   It lets you turn invisible.
 K - a +0 cloak (worn)
Jewellery
 t - an amulet of faith (around neck)
 u - a ring of protection from magic (right hand)
 v - an uncursed ring of fire
 J - a ring of resist corrosion (left hand)
 N - an uncursed ring of fire
Wands
 n - a wand of paralysis (21/24)
 D - a wand of teleportation (4/9)
 E - a wand of lightning (12/15)
 G - a wand of lightning (12/15)
 M - a wand of confusion (31/48)
Scrolls
 e - 6 scrolls of identify
 g - 6 scrolls of magic mapping
 l - 4 scrolls of remove curse
 o - 5 scrolls of recharging
 r - a scroll of teleportation
 x - a scroll of blinking {unknown}
 y - 2 scrolls of noise {unknown}
 z - a scroll of fog {unknown}
 C - a scroll of enchant armour {unknown}
 L - a scroll of enchant weapon
Potions
 d - 3 potions of might
 k - 4 potions of curing
 p - 2 potions of invisibility {unknown}
 s - a potion of ambrosia
 w - a potion of brilliance {unknown}
 B - a potion of haste {unknown}
 F - 2 potions of lignification {unknown}
 H - a potion of cure mutation {unknown}
Comestibles
 f - 6 bread rations
 i - 3 slices of pizza
 j - 5 meat rations
 q - 5 fruits
 A - a royal jelly


   Skills:
 + Level 7.0 Fighting
 - Level 14.0 Long Blades
 - Level 3.6 Armour
 - Level 5.4 Shields
 - Level 10.0 Invocations


You had 9 spell levels left.
You didn't know any spells.

Dungeon Overview and Level Annotations

Branches:
Dungeon (9/15)             Temple (1/1) D:5
   Lair: D:8-11         Orc: D:9-12

Altars:
Ashenzari
Cheibriados
Dithmenos
Elyvilon
Fedhas
Gozag
Kikubaaqudgha
Makhleb
Nemelex Xobeh
Okawaru
Pakellas
Qazlal
Ru
Sif Muna
Trog
Vehumet
Xom
Yredelemnul
Zin
The Shining One

Annotations:
D:8 1 runed door


Innate Abilities, Weirdness & Mutations

You reflexively headbutt those who attack you in melee.
You have a pair of horns on your head.
You are partially covered in rough black scales (AC +4, Dex -1).


Message History

Unknown command.
You slash the necrophage!
You destroy the necrophage!
Qazlal accepts your kill.
Your Fighting skill increases to level 7!
The white ugly thing engulfs you but does no damage.
Unknown command.
You hit the white ugly thing.
The white ugly thing is moderately wounded.
The white ugly thing closely misses you.
You hit the white ugly thing but do no damage.
Your headbutt misses the white ugly thing.
The white ugly thing is moderately wounded.
You barely miss the white ugly thing.
Your headbutt misses the white ugly thing.
The white ugly thing is moderately wounded.
The white ugly thing engulfs you.
* * * LOW HITPOINT WARNING * * *
The white ugly thing freezes you!!
You die...

≈≈≈≈♣♣ ... ≈≈≈≈≈≈♣ #.#
≈≈≈≈≈≈P♣≈ #.#
≈≈≈≈≈≈≈≈P#####.#####
≈≈≈≈≈;≈≈≈≈..........#
♣≈≈≈≈≈P≈≈≈...≈≈≈≈≈≈≈.#
P≈P≈P≈≈♣♣♣#..≈##.##≈.#
P≈≈≈≈P≈≈♣≈.#§≈#...#≈.#
≈≈≈≈≈≈P≈÷♣#@.≈#.§.#≈.#
≈≈≈≈≈P♣≈..u§≈#...#≈.#
♣P≈P≈≈≈.##.≈#####≈.#
PP≈♣≈≈≈###.≈≈≈≈≈≈≈.#
P≈ ♣♣.## #.........# ≈
#)# ##........#
##.######.#####.#
#)........# #.# #
####..#####..#####.#


You could see a white ugly thing.

Vanquished Creatures
  The ghost of namelastname112 the Archer, a novice DrHu of Gozag (D:8)
  Pikel (D:4)
  Maurice (D:8)
  A troll (D:9)
  A spriggan (D:7)
  A hippogriff (D:8)
  2 hungry ghosts (D:7)
  5 orc warriors
  3 necrophages
  4 slaves (D:4)
  2 black bears
  4 phantoms
  2 sky beasts
  2 ice beasts
  4 ogres
  2 centaurs
  6 giant frogs
  2 gnoll sergeants (D:8)
  4 scorpions
  11 killer bees
  A water moccasin skeleton (D:6)
  4 electric eels (D:9)
  7 crimson imps
  A quasit (D:8)
  3 hounds
  7 orc priests
  3 giant frog skeletons
  3 orc wizards
  4 centaur skeletons
  2 iguanas
  14 worker ants
  A killer bee zombie (D:8)
  2 hound zombies (D:5)
  A hound skeleton (D:4)
  6 adders
  8 gnolls (D:8)
  2 shadow imps
  An ooze (D:3)
  3 adder skeletons
  2 adder zombies
  3 worms
  4 giant geckos
  34 orcs
  5 bats
  11 giant cockroaches
  11 hobgoblins
  9 jackals
  5 quokkas
  A ball python (D:1)
  A giant gecko skeleton (D:5)
  3 giant newts
  16 goblins
  A jackal zombie (D:7)
  9 kobolds
  A kobold skeleton (D:4)
  A kobold zombie (D:4)
  An orc zombie (D:4)
  2 quokka skeletons (D:5)
  9 rats
  2 plants (D:9)
263 creatures vanquished.

Vanquished Creatures (others)
  A crimson imp (D:9)
  A goblin skeleton (D:4)
  A goblin zombie (D:4)
  A hobgoblin zombie (D:4)
  An orc skeleton (D:4)
  A plant (D:9)
6 creatures vanquished.

Grand Total: 269 creatures vanquished

Notes
Turn   | Place    | Note
--------------------------------------------------------------
     0 | D:1      | kae the Minotaur Fighter began the quest for the Orb.
     0 | D:1      | Reached XP level 1. HP: 19/19 MP: 0/0
   355 | D:1      | Reached XP level 2. HP: 26/26 MP: 1/1
   792 | D:1      | Reached skill level 4 in Long Blades
   990 | D:2      | Reached XP level 3. HP: 10/31 MP: 2/2
  1018 | D:2      | HP: 1/31 [poisoned by an adder]
  1796 | D:2      | Found a blossoming altar of Fedhas.
  1900 | D:2      | Reached skill level 5 in Long Blades
  2085 | D:3      | Reached XP level 4. HP: 32/39 MP: 3/3
  2222 | D:3      | Found a shimmering altar of Xom.
  2500 | D:3      | Found a sacrificial altar of Ru.
  2599 | D:4      | Gained mutation: You are partially covered in rough black scales (AC +4, Dex -1). [potion of beneficial mutation]
  2623 | D:4      | Reached skill level 6 in Long Blades
  2684 | D:4      | Reached XP level 5. HP: 45/45 MP: 4/4
  2867 | D:4      | Reached skill level 7 in Long Blades
  3028 | D:4      | Noticed Pikel
  3029 | D:4      | Noticed a slave
  3031 | D:4      | Noticed a slave
  3033 | D:4      | Noticed a slave
  3035 | D:4      | Noticed a slave
  3052 | D:4      | Killed Pikel
  3052 | D:4      | Reached skill level 9 in Long Blades
  3052 | D:4      | Reached XP level 6. HP: 32/51 MP: 5/5
  3052 | D:4      | Reached XP level 7. HP: 35/57 MP: 6/6
  3204 | D:4      | Reached skill level 10 in Long Blades
  3387 | D:4      | Found a glowing golden altar of the Shining One.
  3937 | D:5      | Entered Level 5 of the Dungeon
  3986 | D:5      | Reached skill level 11 in Long Blades
  3987 | D:5      | Reached XP level 8. HP: 60/64 MP: 7/7
  4204 | D:5      | Reached skill level 12 in Long Blades
  4541 | D:5      | Found a staircase to the Ecumenical Temple.
  4557 | D:5      | Found a snail-covered altar of Cheibriados.
  4579 | Temple   | Entered the Ecumenical Temple
  4586 | Temple   | Became a worshipper of Qazlal Stormbringer
  4658 | D:5      | Reached skill level 13 in Long Blades
  5013 | D:6      | Reached XP level 9. HP: 64/69 MP: 8/8
  5268 | D:6      | Reached skill level 14 in Long Blades
  5524 | D:7      | Reached skill level 1 in Invocations
  5538 | D:7      | Reached * piety under Qazlal
  5970 | D:7      | Reached skill level 5 in Invocations
  6069 | D:7      | Found a bloodstained altar of Trog.
  6937 | D:8      | Got a dazzling ring mail
  6960 | D:8      | Noticed Maurice
  6988 | D:8      | Killed Maurice
  6988 | D:8      | Reached XP level 10. HP: 72/77 MP: 14/14
  7039 | D:8      | Identified the +3 ring mail "Ontor" {+Inv rF+ MR- Int+4} (You found it on level 8 of the Dungeon)
  7101 | D:8      | Reached ** piety under Qazlal
  7134 | D:8      | Found a burning altar of Makhleb.
  7139 | D:8      | Found a glowing silver altar of Zin.
  7140 | D:8      | Noticed an angel
  7140 | D:8      | Noticed a cacodemon
  7447 | D:8      | Found a runed door.
  7454 | D:8      | Noticed namelastname112's ghost (novice DrHu)
  7507 | D:8      | HP: 3/77 [namelastname112's ghost (16)]
  7516 | D:8      | Killed namelastname112's ghost
  7750 | D:8      | Found a runed door.
  7873 | D:7      | Paralysed by fainting for 12 turns
  8459 | D:8      | Reached skill level 10 in Invocations
  9029 | D:8      | Reached skill level 5 in Shields
  9466 | D:9      | Found a deep blue altar of Sif Muna.
  9490 | D:9      | Reached skill level 5 in Fighting
  9544 | D:9      | Reached *** piety under Qazlal
  9905 | D:9      | HP: 3/84 [electric eel/bolt of electricity (6)]
  9917 | D:9      | Found a flagged portal.
  9934 | Bailey   | Entered a bailey
  9936 | Bailey   | HP: 4/84 [centaur/javelin of returning (7)]
 10902 | D:9      | Noticed a white ugly thing
 10913 | D:9      | Slain by a white ugly thing

Vault maps used:
D:1:      roderic_octagonal_star
D:2:      fedhas_altar_fruit_tree
D:3:      corexii_shack_village, nicolae_overflow_crystal_walls,
          nicolae_ru_path_of_blood
D:4:      nicolae_tso_besieged_by_evil, first_bread, uniq_pikel
D:5:      slow_altar_2, temple_doors_c, serial_undead, serial_undead_e,
          serial_undead_e, serial_undead_a, serial_undead_f
D:7:      kennysheep_mini, the_bakery
D:8:      lemuel_insect_pit, grunt_temple_overflow_order_and_chaos_2,
          minmay_orc_keep, uniq_maurice
D:9:      overflow_temple_1_default, serial_bayou, serial_bayou_lake_a,
          serial_bayou_pond_a, serial_bayou_pond_a, serial_bayou_pond_e,
          enter_bailey_3
Temple:   nicolae_temple_no_exploring_needed
Bailey:   bailey_polearm_flooded_kennysheep, bailey

Action                   |  1- 3 |  4- 6 |  7- 9 | 10-12 || total
-------------------------+-------+-------+-------+-------++-------
Melee: Long sword        |   124 |   110 |   221 |       ||   455
       Falchion          |       |       |   236 |   437 ||   673
Invok: Upheaval          |       |       |       |     6 ||     6
  Use: Scroll            |     2 |     8 |     2 |       ||    12
       Potion            |       |     1 |     1 |     4 ||     6
  Eat: Chunk             |     4 |     3 |    11 |    10 ||    28
       Bread ration      |       |       |       |     3 ||     3
       Royal jelly       |       |       |       |     1 ||     1
       Beef jerky        |       |       |       |     1 ||     1
